 Dungeon Crawl Stone Soup version 0.17.1-3-g152610e (webtiles) character file.

891 kaze the Shield-Bearer (level 7, -1/57 HPs)
             Began as a Demonspawn Fighter on Apr 10, 2016.
             Killed from afar by an orc wizard (4 damage)
             ... with a puff of frost
             ... on level 4 of the Dungeon.
             The game lasted 00:08:12 (3577 turns).

kaze the Shield-Bearer (Demonspawn Fighter)         Turns: 3577, Time: 00:08:12

Health: -1/57      AC: 11    Str: 16    XL:     7   Next: 78%
Magic:  7/7        EV:  6    Int: 10    God:
Gold:   338        SH:  9    Dex: 12    Spells: 0 memorised, 6 levels left

rFire  . . .     SeeInvis .     s - +0 long sword
rCold  . . .     Clarity  .     m - +0 chain mail
rNeg   . . .     SustAt   .     c - +0 shield
rPois  .         Gourm    .     (helmet restricted)
rElec  .         Spirit   .     (no cloak)
rCorr  .         Warding  .     (no gloves)
rMut   .         Stasis   .     (no boots)
MR     .....                    (no amulet)
Stlth  ..........               (no ring)
                                (no ring)

@: not resistant to hostile enchantments, extremely unstealthy
A: antennae 1, rugged brown scales 2, weak 1
a: no special abilities


You were on level 4 of the Dungeon.
You were not hungry.

You visited 1 branch of the dungeon, and saw 4 of its levels.

You collected 338 gold pieces.

Inventory:

Hand Weapons
 a - a +0 rapier
 s - a +0 long sword (weapon)
Missiles
 q - 3 tomahawks (quivered)
Armour
 b - a +0 scale mail
 c - a +0 shield (worn)
 m - a +0 chain mail (worn)
Scrolls
 e - 3 scrolls of amnesia {unknown}
 g - 2 scrolls of remove curse {unknown}
 h - 6 scrolls of identify {unknown}
 i - a scroll of fog {unknown}
 n - 2 scrolls of magic mapping {unknown}
 o - a scroll of fear {unknown}
 r - a scroll of enchant armour {unknown}
 t - a scroll of recharging {unknown}
Potions
 d - a potion of might
 j - a potion of ambrosia
 k - 2 potions of curing
 l - a potion of degeneration {unknown}
Comestibles
 f - a beef jerky


   Skills:
 + Level 4.4 Fighting
 + Level 2.8(3.1) Short Blades
 + Level 2.1(2.8) Long Blades
 + Level 4.2 Armour
 + Level 2.9 Dodging
 + Level 5.5 Shields


You had 6 spell levels left.
You didn't know any spells.

Dungeon Overview and Level Annotations

Branches:
Dungeon (4/15)
 Temple: D:4-7

Altars:
Cheibriados
Dithmenos
Elyvilon
Qazlal
Vehumet

Shops:
D:4 (


Innate Abilities, Weirdness & Mutations

You have a pair of small antennae on your head.
You are mostly covered in rugged brown scales (AC +2, +5% HP).
You are weak. (Str -2)


Message History

You block the orc's attack. Something hits you but does no damage.
The orc hits you but does no damage. x2
You are too injured to fight recklessly!
Unknown command.
Unknown command.
You are too injured to fight recklessly!
Drink which item? (? for menu, Esc to quit)
You feel better. Something hits you but does no damage.
The orc hits you but does no damage. The orc hits you with a club.
* * * LOW HITPOINT WARNING * * *
You block the orc's attack. Something hits you but does no damage.
The orc priest invokes the aid of Beogh against you.
Something smites you!
* * * LOW HITPOINT WARNING * * *
Something hits you but does no damage. You block the orc's attack.
You hear some strange, mumbled words.
A puff of frost appears from out of thin air!
The puff of frost hits you!
You die...

#..........>.#..........
#............#........(.
#............#..........
#............#..........
#....o.......#..........
#ooo##...##..###...#
##oo{##...##..#######
#....................
#...@................
#....................
##....#...##..##.##.#
####################


You could see an orc priest, an orc wizard and 4 orcs.

Vanquished Creatures
  Duvessa (D:4)
  7 big kobolds (D:3)
  Dowan (D:4)
  A hound (D:4)
  6 gnolls (D:3)
  3 adders
  An adder skeleton (D:4)
  5 worms
  3 giant geckos
  5 orcs
  A ball python (D:1)
  4 bats
  3 giant cockroaches
  10 goblins
  10 hobgoblins
  A quokka (D:2)
  A ball python skeleton (D:4)
  7 giant newts
  49 kobolds
  10 rats
129 creatures vanquished.

Notes
Turn   | Place    | Note
--------------------------------------------------------------
     0 | D:1      | kaze the Demonspawn Fighter began the quest for the Orb.
     0 | D:1      | Reached XP level 1. HP: 18/18 MP: 1/1
   269 | D:1      | Gained mutation: You are partially covered in rugged brown scales (AC +1, +3% HP). [demonic ancestry]
   269 | D:1      | Reached XP level 2. HP: 16/24 MP: 2/2
   972 | D:2      | Gained mutation: You have a pair of small antennae on your head. [demonic ancestry]
   972 | D:2      | Reached XP level 3. HP: 29/29 MP: 3/3
   973 | D:2      | Found a radiant altar of Vehumet.
   973 | D:2      | Found a white marble altar of Elyvilon.
   973 | D:2      | Found a snail-covered altar of Cheibriados.
   983 | D:2      | Found a shadowy altar of Dithmenos.
  1544 | D:3      | Reached skill level 1 in Dodging
  1550 | D:3      | Reached XP level 4. HP: 17/36 MP: 4/4
  2093 | D:3      | Noticed a big kobold
  2099 | D:3      | Noticed a big kobold
  2100 | D:3      | Noticed a big kobold
  2101 | D:3      | Noticed a big kobold
  2102 | D:3      | Noticed a big kobold
  2124 | D:3      | Killed a big kobold
  2124 | D:3      | Reached skill level 4 in Shields
  2124 | D:3      | Gained mutation: You are mostly covered in rugged brown scales (AC +2, +5% HP). [demonic ancestry]
  2124 | D:3      | Reached XP level 5. HP: 36/43 MP: 5/5
  2126 | D:3      | Killed a big kobold
  2129 | D:3      | Killed a big kobold
  2129 | D:3      | Reached XP level 6. HP: 39/49 MP: 6/6
  2142 | D:3      | Killed a big kobold
  2148 | D:3      | Killed a big kobold
  2163 | D:3      | Reached skill level 1 in Long Blades
  2164 | D:3      | Gained mutation: Your spells are a little easier to cast, but a little less powerful. [potion of mutation]
  2164 | D:3      | Lost mutation: Your spells are a little easier to cast, but a little less powerful. [potion of mutation]
  2164 | D:3      | Gained mutation: You are weak. (Str -2) [potion of mutation]
  2165 | D:3      | HP: 2/50 [hobgoblin (2)]
  2714 | D:3      | Reached XP level 7. HP: 46/55 MP: 7/7
  2727 | D:3      | Noticed a big kobold
  2741 | D:3      | Killed a big kobold
  2741 | D:3      | Reached skill level 5 in Shields
  2758 | D:3      | Noticed a big kobold
  2789 | D:3      | Killed a big kobold
  2891 | D:3      | Found a stormy altar of Qazlal.
  3160 | D:4      | Noticed Duvessa
  3161 | D:4      | Noticed Dowan
  3171 | D:4      | Killed Duvessa
  3180 | D:4      | Killed Dowan
  3405 | D:4      | Found Acwoyre's Antique Weapon Shoppe.
  3577 | D:4      | Killed from afar by an orc wizard

Action                   |  1- 3 |  4- 6 |  7- 9 || total
-------------------------+-------+-------+-------++-------
Melee: Rapier            |   153 |    94 |       ||   247
       Long sword        |       |   147 |   159 ||   306
  Use: Potion            |     1 |     3 |     4 ||     8
  Eat: Bread ration      |     1 |     1 |       ||     2
       Chunk             |       |       |     1 ||     1
